Map: [ESL] Site Delta

Players

Rogue - Winner!

  • Race: Zerg Zerg
  • Spawn Location: 11:00

Clem

  • Race: Terran Terran
  • Spawn Location: 5:00

Event: ESL Spring 2024 Finals

VOD

Have the link to the VOD?

Description

Time

  • Played on: June 1, 2024, 10:12 a.m.
  • Length: 10:02

All games in this series

Show
View Real Time Build Order
Export as new Build Order

Rogue Zerg - Winner!

Build Orders: Hatch First 

Get SALT Encoding   

  12  0:01  Drone  
  13  0:11  Overlord  
  13  0:17  Drone  
  14  0:30  Drone x2  
  16  0:48  Hatchery  
  15  0:50  Drone  
  15  0:54  Drone  
  17  0:57  Drone  
  18  1:08  Extractor  
  17  1:12  Spawning Pool  
  17  1:16  Drone  
  17  1:19  Drone  
  18  1:27  Drone  
  19  1:38  Drone  
  20  1:48  Drone  
  21  1:59  Queen x2  
  21  2:00  Zergling x4  
  27  2:10  Overlord  
  27  2:11  Zergling x2, Metabolic Boost  
  28  2:22  Overlord  
  28  2:31  Drone x2  
  28  2:33  Drone  
  28  2:35  Queen  
  33  2:42  Drone  
  34  2:45  Drone  
  35  2:54  Drone x2  
  35  2:55  Queen  
  41  3:05  Drone x2  
  41  3:11  Zergling x6  
  44  3:15  Overlord  
  44  3:20  Overlord  
  44  3:25  Overlord  
  44  3:36  Drone x2  
  44  3:38  Drone  
  44  3:40  Hatchery  
  46  3:47  Drone x4  
  48  3:55  Drone  
  48  3:57  Drone  
  48  3:59  Queen x2  
  53  4:07  Drone x4  
  57  4:14  Drone x4  
  61  4:19  Extractor  
  61  4:20  Drone  
  61  4:22  Roach Warren  
  61  4:23  Drone  
  61  4:31  Overlord  
  61  4:32  Drone  
  61  4:35  Drone x2  
  61  4:36  Queen  
  66  4:39  Drone  
  66  4:40  Lair  
  66  4:41  Overlord  
  67  4:47  Overlord  
  67  4:49  Overlord  
  67  4:52  Drone x3  
  70  4:55  Drone  
  70  4:57  Queen  
  73  5:00  Drone  
  73  5:03  Drone  
  73  5:05  Extractor  
  73  5:06  Evolution Chamber  
  73  5:07  Drone, Extractor  
  73  5:08  Evolution Chamber  
  73  5:09  Drone  
  73  5:10  Drone  
  73  5:11  Drone x4  
  73  5:12  Drone  
  79  5:14  Drone  
  79  5:16  Spore Crawler x2  
  79  5:17  Spore Crawler  
  79  5:19  Drone  
  78  5:25  Drone  
  78  5:26  Drone  
  80  5:33  Extractor  
  80  5:34  Drone x5, Extractor  
  83  5:36  Zerg Ground Armor Level 1, Zerg Missile Weapons Level 1  
  83  5:41  Drone  
  83  5:42  Drone  
  85  5:43  Glial Reconstitution  
  85  5:53  Drone x2  
  86  5:59  Roach  
  86  6:00  Roach x5  
  86  6:03  Roach  
  100  6:07  Roach x2  
  104  6:11  Overlord  
  104  6:15  Hatchery  
  103  6:19  Roach  
  103  6:20  Overlord x2  
  103  6:21  Overlord  
  103  6:25  Overlord  
  105  6:28  Overlord  
  105  6:31  Overlord  
  105  6:35  Overlord  
  105  6:39  Roach x2  
  107  6:40  Roach x2  
  107  6:42  Roach  
  113  6:51  Roach x7  
  125  6:58  Roach  
  125  6:59  Roach  
  125  7:00  Roach x3  
  136  7:04  Hatchery  
  135  7:10  Roach  
  135  7:12  Nydus Network, Roach  
  135  7:14  Roach  
  135  7:15  Roach x2  
  137  7:16  Roach x2  
  137  7:19  Roach  
  137  7:21  Overlord  
  137  7:22  Overseer  
  143  7:24  Overlord  
  143  7:26  Ravager x5  
  143  7:27  Roach  
  152  7:30  Roach  
  152  7:32  Roach  
  152  7:33  Roach  
  157  7:37  Hatchery, Roach  
  157  7:38  Overlord  
  157  7:44  Overlord  
  158  7:46  Roach x3  
  158  7:48  Roach x2  
  158  7:49  Overseer  
  168  7:53  Ravager x2  
  170  8:03  Roach  
  170  8:04  Roach x4  
  180  8:12  Roach x3  
  156  8:15  Roach x2  
  156  8:18  Nydus Canal  
  138  8:23  Roach  
  138  8:26  Queen  
  137  8:31  Roach  
  137  8:32  Roach x9  
  159  8:34  Nydus Canal  
  159  8:38  Roach  
  159  8:40  Roach  
  163  8:41  Roach  
  163  8:44  Roach  
  160  8:49  Roach  
  160  8:51  Roach  
  160  8:54  Roach x4  
  156  9:01  Roach  
  156  9:02  Roach x4  
  166  9:06  Roach x2  
  166  9:07  Roach  
  166  9:09  Nydus Canal  
  172  9:13  Roach x2  
  172  9:14  Roach  
  178  9:19  Roach  
  178  9:22  Roach x3  
  180  9:28  Nydus Canal  
  180  9:30  Roach x2  
  180  9:31  Roach x3  
  180  9:32  Roach  
  180  9:35  Overlord  
  180  9:37  Overlord  
  182  9:40  Roach x2  
Show
View Real Time Build Order
Export as new Build Order

Clem Terran 

Build Orders:  

Get SALT Encoding   

  12  0:00  SCV  
  13  0:12  SCV  
  14  0:18  Supply Depot  
  14  0:24  SCV  
  15  0:40  SCV  
  15  0:42  Barracks  
  16  0:43  Refinery  
  16  0:52  SCV  
  17  1:00  Barracks  
  17  1:04  SCV  
  18  1:16  SCV  
  19  1:28  Orbital Command, Reaper  
  19  1:30  Supply Depot  
  20  1:47  Reaper  
  21  1:54  SCV  
  22  2:02  Reaper  
  22  2:07  Command Center  
  23  2:10  SCV  
  23  2:15  Refinery  
  24  2:20  Reaper  
  24  2:22  SCV  
  26  2:34  SCV  
  28  2:46  SCV  
  28  2:47  Command Center  
  28  2:56  Factory  
  28  2:59  SCV  
  28  3:04  Barracks Reactor  
  29  3:09  Barracks Reactor  
  29  3:11  SCV  
  30  3:23  Orbital Command, SCV  
  31  3:35  SCV  
  31  3:38  Barracks Tech Lab  
  31  3:40  Factory Reactor  
  32  3:43  Marine x2  
  32  3:47  SCV  
  34  3:49  SCV  
  34  3:51  Starport  
  35  3:56  Stimpack  
  35  3:57  Marine  
  35  3:59  SCV  
  35  4:00  Orbital Command  
  35  4:01  SCV, Marine  
  39  4:05  Marine  
  40  4:11  SCV  
  40  4:14  SCV, Marine  
  40  4:16  Hellion x2  
  47  4:22  Supply Depot, Marine  
  47  4:23  SCV, Marine  
  50  4:26  SCV x2  
  52  4:35  Liberator  
  52  4:37  Hellion  
  52  4:38  SCV, Hellion  
  59  4:40  SCV  
  59  4:43  SCV, Marine  
  63  4:46  Supply Depot, Marine x2  
  63  4:52  SCV  
  66  4:55  SCV  
  66  4:56  Refinery  
  66  4:57  Engineering Bay  
  67  5:01  Marine, Engineering Bay  
  67  5:04  Orbital Command  
  67  5:06  Marine  
  69  5:07  SCV, Marine  
  69  5:08  SCV  
  69  5:11  Factory Tech Lab  
  69  5:12  Refinery  
  72  5:15  Barracks  
  72  5:16  Supply Depot  
  72  5:19  SCV  
  73  5:21  Marine  
  73  5:24  SCV  
  73  5:25  Marine  
  73  5:26  Marine  
  77  5:33  Terran Infantry Weapons Level 1  
  77  5:36  Combat Shield  
  77  5:38  Supply Depot, SCV x2, Medivac x2  
  77  5:40  Supply Depot  
  82  5:43  Marine, Terran Infantry Armor Level 1  
  82  5:44  Marine  
  82  5:45  SCV  
  85  5:55  Supply Depot  
  85  5:59  Marine  
  85  6:00  Supply Depot, SCV x3, Siege Tank  
  85  6:01  Marine  
  85  6:02  Marine  
  94  6:04  Barracks Reactor  
  94  6:09  Supply Depot  
  94  6:12  SCV x2  
  94  6:13  SCV  
  94  6:17  Marine  
  95  6:21  Medivac  
  95  6:22  Medivac  
  95  6:23  Barracks  
  95  6:24  SCV, Barracks  
  100  6:26  Supply Depot, SCV  
  100  6:27  Marine  
  100  6:28  Marine  
  103  6:35  Siege Tank, Marine  
  98  6:40  Marine x2  
  98  6:41  SCV  
  98  6:42  Supply Depot  
  98  6:44  SCV x2  
  98  6:45  Marine  
  98  6:46  Marine  
  103  6:53  SCV, Marine  
  105  6:56  SCV  
  105  6:58  SCV, Marine x2  
  105  6:59  Refinery  
  108  7:01  Supply Depot  
  108  7:03  Marine  
  108  7:04  Armory  
  108  7:05  SCV, Marine  
  111  7:08  SCV  
  111  7:10  Siege Tank  
  111  7:13  SCV  
  111  7:15  Marine, Barracks Reactor x2  
  113  7:16  Marine  
  113  7:17  SCV  
  113  7:20  Refinery  
  113  7:22  Factory  
  116  7:23  Marine  
  116  7:25  Supply Depot, Marine  
  116  7:27  SCV x2  
  116  7:28  Marine  
  121  7:31  SCV  
  121  7:33  Marine  
  121  7:34  Marine  
  119  7:38  Medivac  
  119  7:39  SCV x2, Medivac  
  119  7:41  Marine  
  119  7:43  SCV  
  127  7:45  Supply Depot, Siege Tank  
  127  7:48  Marine x2  
  127  7:49  Supply Depot  
  132  7:51  SCV x2  
  132  7:55  Supply Depot, SCV, Marine x3  
  132  7:56  Marine x3  
  141  7:58  Marine  
  141  8:01  Supply Depot  
  138  8:05  Marine x2  
  138  8:12  Marine x2  
  118  8:13  Marine x2  
  118  8:15  Marine x2  
  118  8:16  Marine, Factory Tech Lab  
  118  8:17  Siege Tank  
  121  8:21  Medivac x2  
  121  8:23  Marine x2  
  121  8:30  Marine x2  
  121  8:31  Marine x2  
  121  8:34  Command Center  
  125  8:40  Marine  
  129  8:41  Marine  
  129  8:42  Marine  
  129  8:46  Marine  
  129  8:47  Marine  
  129  8:48  Marine  
  122  8:49  Siege Tank  
  114  8:56  Marine  
  114  8:57  Marine x2  
  114  8:58  SCV  
  114  8:59  Marine  
  114  9:00  Orbital Command  
  114  9:01  Marine x2  
  114  9:06  Marine  
  114  9:07  Marine x2  
  114  9:12  SCV x2  
  114  9:14  Marine  
  114  9:15  Marine x2  
  117  9:17  Marine  
  117  9:19  Marine  
  117  9:20  Marine  
  117  9:21  Siege Tank  
  117  9:22  Factory Tech Lab  
  117  9:24  Marine x2  
  118  9:25  Marine  
  117  9:31  Marine  
  117  9:33  Marine x2  
  117  9:37  Marine  
  114  9:38  Marine  
  114  9:43  Marine x3  
  114  9:44  Marine  
Tags
 
Add a new tag
Caveats
  • Supply blocks, unpowered buildings, or Contaminate may cause inaccurate times.
  • Supply counts are checked every 10 seconds.